 Dungeon Crawl Stone Soup version 0.27-a0-1193-g8631133539 (webtiles) character file.

Game seed: 1916004182118338405

9 pilgrim the Vexing (level 2, 0/16 HPs)
             Began as a Deep Elf Arcane Marksman on May 26, 2021.
             Slain by a quokka (2 damage)
             ... on level 1 of the Dungeon.
             The game lasted 00:00:58 (462 turns).

pilgrim the Vexing (Deep Elf Arcane Marksman)        Turns: 462, Time: 00:00:59

Health: 0/16       AC:  2    Str:  7    XL:     2   Next: 6%
Magic:  5/6        EV: 12    Int: 17    God:
Gold:   21         SH:  0    Dex: 15    Spells: 1/4 levels left

rFire    . . .     SeeInvis .   b - +2 dagger (venom)
rCold    . . .     Faith    .   (no shield)
rNeg     . . .     Spirit   .   e - +0 robe
rPois    .         Reflect  .   (no helmet)
rElec    .         Harm     .   (no cloak)
rCorr    .         Rampage  .   (no gloves)
Will     .....                  (no boots)
Stlth    +.........             (no amulet)
HPRegen  0.05/turn              (no ring)
MPRegen  0.10/turn              (no ring)

@: no status effects
A: no striking features
a: no special abilities


You were on level 1 of the Dungeon.
You visited 1 branch of the dungeon, and saw 1 of its levels.

You collected 21 gold pieces.

Inventory:

Hand Weapons
 a - a +0 shortbow
 b - a +2 dagger of venom (weapon)
Missiles
 d - 19 arrows
Armour
 e - a +0 robe (worn)
Potions
 c - a potion of curing {unknown}


   Skills:
 + Level 1.0 Fighting
 + Level 2.9 Bows
 + Level 2.6 Dodging
 + Level 1.9 Spellcasting
 + Level 4.1 Hexes


You had one spell level left.
You knew the following spells:

 Your Spells              Type           Power      Damage    Failure   Level
a - Corona                Hex            16%        N/A       3%          1
b - Slow                  Hex            15%        N/A       5%          2

Your spell library contained the following spells:

 Spells                   Type           Power      Damage    Failure   Level
 Inner Flame              Hex/Fire       8%         N/A       26%         3
 Portal Projectile        Hex/Tloc       16%        N/A       26%         3
 Cause Fear               Hex            7%         N/A       34%         4
 Leda's Liquefaction      Hex/Erth       4%         N/A       63%         4


Dungeon Overview and Level Annotations

Branches:
Dungeon (1/15)

Altars:


Message History

Confirm with . or Enter, or press ? or * to list all spells.
Aiming: Corona (safe; 3% risk of failure)
Press: ? - help, Shift-Dir - straight line, f - goblin
Aim: a goblin, wielding a +2 dagger of venom (chance to affect: 69%)
The goblin is outlined in light.
The goblin hits you with a +2 dagger of venom.
You are poisoned.
You shoot an arrow. The arrow hits the goblin.
You kill the goblin!
You feel sick.
You feel sick.
d - 19 arrows (gained 1)
You see here a +2 dagger of venom.
You feel sick.
c - a +2 dagger of venom You feel sick.
A quokka comes into view.
Adjust to which letter? (? for menu, Esc to quit)
b - a +2 dagger of venom;
c - a black potion Your +2 dagger of venom begins to drip with poison!
b - a +2 dagger of venom (weapon)
You feel sick.
You start resting.
You feel sick. x2
You are no longer poisoned.
You start resting.
Magic restored.
Casting: Corona (safe; 3% risk of failure)
Confirm with . or Enter, or press ? or * to list all spells.
Aiming: Corona (safe; 3% risk of failure)
Press: ? - help, Shift-Dir - straight line, f - quokka
Aim: a quokka (wandering, hasn't noticed you, chance to affect: 69%)
The quokka is outlined in light.
You start resting.
A quokka is nearby!
You barely miss the quokka. The quokka bites you.
* * * LOW HITPOINT WARNING * * *
You hit the quokka.
The quokka is poisoned.
The quokka is moderately wounded.
The quokka bites you.
You die...

###...###....... #
#......#### #. # #.#.##.# #.
..... ##.###.#.# ..#... #.#
##÷.# .#... ##.###.#.# ..).
#.#.##.# #.##.. #
#......###.##r##.#
#####...........@..#
............###.#############
#####.......###..##.†.......#
#.......................#
#.......#..#.###.###.#..#
#.......#..#...#.#...#..#
#..........###.#.#.###..#
#.#..##.#...............#
#.#........###.#.#.###.)#


You could see a quokka (very poisoned, corona).

Vanquished Creatures
  2 ball pythons (D:1)
  2 goblins (D:1)
  2 jackals (D:1)
  A bat (D:1)
  2 rats (D:1)
9 creatures vanquished.

Notes
Turn   | Place    | Note
-------+----------+-------------------------------------------
     0 | D:1      | pilgrim the Deep Elf Arcane Marksman began the quest for
                  | the Orb.
     0 | D:1      | Reached XP level 1. HP: 11/11 MP: 5/5
   412 | D:1      | Reached skill level 1 in Fighting
   432 | D:1      | Reached XP level 2. HP: 16/16 MP: 6/6
   435 | D:1      | Learned a level 2 spell: Slow
   462 | D:1      | Slain by a quokka

Illustrated notes

Levels and vault maps discovered:
D:1:      minmay_arrival_five_plusses, layout_loops_cross, serial_park_tiny_1,
          minmay_misc_feat_roman

Skill      XL: |  1 |
---------------+----+-----
Fighting       | 1 |  1.0
Bows           | |  2.9
Dodging        | |  2.6
Spellcasting   | |  1.9
Hexes          | |  4.1

Action                   || total
-------------------------++-------
Melee: Dagger            ||     2
 Fire: Shortbow          ||    25
 Cast: Corona            ||     5
Armor: Robe              ||     4
Dodge: Dodged            ||    12

Table legend: (Time is in decaauts)
 A = Elapsed time spent in this place.
 B = Non-inter-level travel time spent in this place.
 C = Inter-level travel time spent in this place.
 D = Time resting spent in this place.
 E = Time spent auto-exploring this place.
 F = Levels seen in this place.
 G = Mean time per level.
                   A        B        C        D        E       F      G
               +--------+--------+--------+--------+--------+-----+--------+
         Total |    465 |    465 |      0 |    252 |    153 |   1 |  465.0 |
       Dungeon |    465 |    465 |      0 |    252 |    153 |   1 |  465.0 |
               +--------+--------+--------+--------+--------+-----+--------+

Top non-repeatable levels by time:
     D:1: 465 daAuts
